Map: Ascensione ad Aiur LE

Players

Bloodscent

  • Race: Protoss Protoss
  • Spawn Location: 11:00

Trebo - Winner!

  • Race: Protoss Protoss
  • League: Gold
  • Spawn Location: 5:00

VOD

Have the link to the VOD?

Description

Time

  • Played on: Nov. 22, 2017, 12:06 p.m.
  • Length: 5:46
Show
View Real Time Build Order
Export as new Build Order

Bloodscent Protoss 

Build Orders: 1 Gate Expand, Oracle Opening 

Get SALT Encoding   

  12  0:01  Probe  
  13  0:13  Probe  
  14  0:18  Pylon  
  14  0:25  Probe  
  15  0:38  Gateway  
  15  0:39  Probe  
  16  1:09  Nexus  
  16  1:12  Probe  
  17  1:26  Cybernetics Core  
  17  1:32  Probe  
  18  1:34  Assimilator  
  18  1:38  Assimilator  
  18  1:44  Probe  
  19  1:56  Probe  
  20  2:09  Probe  
  21  2:21  Probe  
  22  2:26  Pylon  
  22  2:29  Probe  
  23  2:31  Adept (Chrono Boost)  
  23  2:34  Probe  
  26  2:41  Probe  
  27  2:46  Forge  
  27  2:48  Adept  
  29  2:52  Stargate  
  29  2:56  Probe  
  30  3:08  Pylon  
  30  3:12  Probe  
  31  3:18  Pylon  
  31  3:20  Assimilator  
  31  3:24  Probe  
  32  3:36  Photon Cannon  
  32  3:37  Probe  
  33  3:43  Photon Cannon  
  33  3:45  Oracle (Chrono Boost)  
  36  3:51  Photon Cannon  
  36  3:58  Pylon  
  36  3:59  Probe  
  37  4:10  Oracle (Chrono Boost)  
  37  4:11  Probe (Chrono Boost)  
  41  4:23  Probe (Chrono Boost)  
  42  4:31  Probe (Chrono Boost)  
  43  4:37  Probe  
  47  4:46  Assimilator  
  47  4:49  Void Ray (Chrono Boost), Probe  
  41  5:06  Photon Cannon  
  41  5:07  Photon Cannon  
  41  5:09  Photon Cannon  
  41  5:10  Pylon  
  37  5:19  Pylon  
Show
View Real Time Build Order
Export as new Build Order

Trebo Protoss - Winner!

Build Orders:  

Get SALT Encoding   

  12  0:00  Probe  
  13  0:13  Probe  
  14  0:23  Pylon  
  14  0:25  Probe  
  15  0:42  Gateway, Probe (Chrono Boost)  
  16  0:53  Assimilator  
  16  0:54  Probe (Chrono Boost)  
  17  0:58  Probe (Chrono Boost)  
  18  1:08  Probe  
  19  1:21  Probe  
  19  1:23  Pylon  
  20  1:33  Cybernetics Core  
  20  1:45  Probe (Chrono Boost)  
  20  1:46  Assimilator  
  22  1:55  Probe (Chrono Boost)  
  22  1:57  Gateway  
  22  2:02  Pylon  
  22  2:03  Probe (Chrono Boost)  
  23  2:11  Warp Gate (Chrono Boost)  
  23  2:15  Probe (Chrono Boost), Stalker  
  26  2:29  Gateway  
  26  2:45  Stalker x2  
  30  2:53  Gateway  
  30  3:04  Pylon  
  30  3:15  Stalker x2  
  30  3:17  Stalker  
  38  3:43  Pylon  
  36  4:06  Stalker  
  36  4:07  Stalker x2  
  36  4:09  Stalker  
  44  4:30  Stalker  
  44  4:31  Stalker x2  
  48  4:32  Stalker  
  52  5:00  Stalker  
  51  5:14  Pylon  
  51  5:16  Pylon  
Tags
 
Add a new tag
Caveats
  • Supply blocks, unpowered buildings, or Contaminate may cause inaccurate times.
  • Supply counts are checked every 10 seconds.